 Dungeon Crawl Stone Soup version 0.31-a0-145-g046c7d2549 (webtiles) character file.

Game seed: 17502776285663011445

31 qw the Shooter (level 3, -3/31 HPs)
             Began as a Minotaur Hunter on June 7, 2023.
             Slain by an ogre
             ... wielding a +0 giant club
              (15 damage)
             ... on level 2 of the Dungeon.
             The game lasted 00:00:22 (1206 turns).

qw the Shooter (Minotaur Hunter)                    Turns: 1206, Time: 00:00:22

Health: -3/31      AC:  4    Str: 15    XL:     3   Next: 7%
Magic:  2/2        EV: 12    Int:  6    God:
Gold:   78         SH:  0    Dex: 15    Spells: 2/2 levels left

rFire   . . .        Y - +0 shortbow
rCold   . . .        (shield currently unavailable)
rNeg    . . .        c - +0 leather armour
rPois   .            (helmet restricted)
rElec   .            (no cloak)
rCorr   .            (no gloves)
SInv    .            e - +0 pair of boots
Will    .....        (no amulet)
Stlth   +            (no ring)
HPRegen 0.25/turn    (no ring)
MPRegen 0.08/turn

%: no passive effects
@: no status effects
A: horns 2, retaliatory headbutt
a: no special abilities


You were on level 2 of the Dungeon.
You visited 1 branch of the dungeon, and saw 2 of its levels.

You collected 78 gold pieces.


Innate Abilities, Weirdness & Mutations

You have a pair of horns on your head.
You reflexively headbutt those who attack you in melee.


   Skills:
 - Level 3.0 Fighting
 + Level 5.3 Ranged Weapons
 - Level 2.1 Dodging
 - Level 0.7 Stealth


You had 2 spell levels left.
You didn't know any spells.
Your spell library was empty.

Inventory:

Hand Weapons
 Y - a +0 shortbow (weapon)
Armour
 a - a +0 ring mail
 c - a +0 leather armour (worn)
 e - a +0 pair of boots (worn)
Scrolls
 b - a scroll of enchant weapon {unknown}
 d - 2 scrolls of identify {unknown}
 f - 4 scrolls of teleportation
Potions
 g - a potion of resistance {unknown}
 h - a potion of might {unknown}
 i - a potion of lignification {unknown}
 j - a potion of curing {unknown}

Dungeon Overview and Level Annotations

Branches:
Dungeon (2/15)

Altars:


Message History

You kill the goblin!
d - a scroll labelled PUEGOT XOCAL
Enter note:
Enter note:
Enter note:
Enter note:
d - 2 scrolls labelled PUEGOT XOCAL (gained 1)
A goblin comes into view. It is wielding a +0 club.
The goblin shouts!
Enter note:
Enter note:
Enter note:
Enter note: You shoot an arrow.
The arrow hits the goblin.
You kill the goblin!
Things that are here:
a +0 club; a goblin corpse
Things that are here:
a +0 club; a goblin corpse An ogre comes into view.
It is wielding a +0 giant club.
The ogre shouts!
Enter note:
Enter note:
Enter note:
Enter note: You shoot an arrow.
The arrow barely misses the ogre.
You shoot an arrow. The arrow hits the ogre!
The ogre is moderately wounded.
A rat comes into view.
You shoot an arrow. The arrow hits the ogre!
The ogre is heavily wounded.
You shoot an arrow. The arrow barely misses the ogre.
You shoot an arrow.
The arrow hits the ogre but does no damage.
The ogre is heavily wounded.
The ogre hits you with a +0 giant club!!
Ouch! That really hurt!
You shoot an arrow. The arrow barely misses the ogre.
The ogre hits you with a +0 giant club!
You die...

#....<####.....##########
....##### ##.............. ##
#. .......#####......
..########...# #.......
.............# #.......
....r........# #.......
#...........####.......
#....O.................
###..@...#.####.......
#........#.# ##.......
#.###.#).#.# #........ ..
.#####.###.#....###........ ..#
...........#....##.........
.... ###.....###.#......#......
....####.....###..#...#.##.....
.............##.......#.#####.#
..#.#......:.#......#.#.##.....


You could see an ogre and a rat.

Vanquished Creatures
  A dart slug (D:2)
  5 endoplasms (D:1)
  4 goblins (D:2)
  3 hobgoblins (D:1)
  4 ball pythons
  2 bats
  4 frilled lizards (D:1)
  A kobold (D:1)
  5 rats
29 creatures vanquished.

Notes
Turn   | Place    | Note
-------+----------+-------------------------------------------
     0 | D:1      | qw the Minotaur Hunter began the quest for the Orb.
     0 | D:1      | Reached XP level 1. HP: 18/18 MP: 0/0
     0 | D:1      | 0 ||| qw: Version: 0.2-a-117-gc6b5c8b
     0 | D:1      | 0 ||| qw: Game counter: 2441
     0 | D:1      | 0 ||| qw: Always use a shield: true
     0 | D:1      | 0 ||| qw: God list: Okawaru
     0 | D:1      | 0 ||| qw: Allow faded altars: false
     0 | D:1      | 0 ||| qw: Do Orc after D:15 true
     0 | D:1      | 0 ||| qw: Do second Lair branch before Depths: true
     0 | D:1      | 0 ||| qw: Lair rune preference: random
     0 | D:1      | 0 ||| qw: Plans: Normal
     0 | D:1      | 0 ||| PLANNING D:1-11
   153 | D:1      | Reached XP level 2. HP: 25/25 MP: 1/1
   168 | D:1      | Reached skill level 5 in Ranged Weapons
   919 | D:1      | 919 ||| UPGRADING to +0 pair of boots.
   924 | D:1      | 924 ||| READING scroll labelled QEFAZX WEULUD.
   925 | D:1      | 925 ||| READING 4 scrolls labelled SOSSEONTEONT.
   930 | D:1      | 930 ||| DROPPING scroll of butterflies.
  1060 | D:2      | Reached skill level 3 in Fighting
  1145 | D:2      | Reached XP level 3. HP: 31/31 MP: 2/2
  1200 | D:2      | Noticed an ogre
  1206 | D:2      | Slain by an ogre

Levels and vault maps discovered:
D:1:      dpeg_arrival_refuge, layout_basic, serial_glass, glass_columns_a,
          glass_columns_b, glass_columns_c, glass_columns_a, glass_columns_b
D:2:      layout_rooms, minmay_misc_feat_tower, grunt_decor_one_mirror

Skill      XL: |  1  2 |
---------------+-------+-----
Ranged Weapons | 5 |  5.3
Fighting       | 3 |  3.0
Dodging        | |  2.1
Stealth        | |  0.7

Action                     || total
---------------------------++-------
   Fire: Shortbow          ||    81
    Use: Scroll            ||     2
 Armour: Leather armour    ||     6
  Dodge: Dodged            ||    10

Table legend:
 A = Non-vault XP
 B = Vault XP
 C = Vault XP percentage of total XP
 D = Non-vault monster count
 E = Vault monster count
 F = Vault count percentage of total count
                 A         B        C        D         E       F
            +---------+---------+-------+---------+---------+-------
      Total |      45 |       0 |   0.0 |      29 |       0 |   0.0
            +---------+---------+-------+---------+---------+-------
        D:1 |      25 |       0 |   0.0 |      17 |       0 |   0.0
        D:2 |      20 |       0 |   0.0 |      12 |       0 |   0.0
            +---------+---------+-------+---------+---------+-------
